 Dungeon Crawl Stone Soup version 0.23-a0-494-g91793a9 (webtiles) character file.

75 zishaf the Stinger (level 4, -1/28 HPs)
             Began as an Octopode Venom Mage on Dec 3, 2018.
             Splashed by a jelly's acid (9 damage)
             ... on level 3 of the Dungeon.
             The game lasted 00:07:30 (2615 turns).

zishaf the Stinger (Octopode Venom Mage)            Turns: 2615, Time: 00:07:31

Health: -1/28      AC: -3    Str:  7    XL:     4   Next: 31%
Magic:  6/7        EV: 14    Int: 18    God:
Gold:   98         SH:  0    Dex: 12    Spells: 1/7 levels left

rFire    . . .     SeeInvis .   q - +0 quarterstaff (curse)
rCold    . . .     Gourm    .   (shield currently unavailable)
rNeg     . . .     Faith    .   (helmet restricted)
rPois    .         Spirit   .   (no amulet)
rElec    .         Reflect  .   l - ring of flight
rCorr    .         Harm     .   (no ring)
MR       .....                  (no ring)
Stlth    +++.......             (no ring)
HPRegen  0.09/turn              (no ring)
MPRegen  0.10/turn              (no ring)
                                (no ring)
                                (no ring)

@: corroded
A: almost no armour, stealthy swim, amphibious, 8 rings, constrict 8, camouflage
1, gelatinous body 1
a: Evoke Flight


You were on level 3 of the Dungeon.
You were not hungry.

You visited 1 branch of the dungeon, and saw 3 of its levels.

You collected 98 gold pieces.

Inventory:

Hand Weapons
 h - a +0 short sword
 q - a cursed +0 quarterstaff (weapon)
Missiles
 a - 125 stones (quivered)
 i - 8 poisoned needles
Jewellery
 l - a ring of flight (left tentacle)
Wands
 o - a wand of disintegration (10)
Scrolls
 b - 2 scrolls of enchant armour {unknown}
 d - 2 scrolls of teleportation {unknown}
 f - 3 scrolls of fog {unknown}
 j - 4 scrolls of identify {unknown}
 k - a scroll of blinking {unknown}
 p - a scroll of amnesia {unknown}
 r - 2 scrolls of remove curse {unknown}
Potions
 c - a potion of ambrosia {unknown}
 e - a potion of heal wounds {unknown}
 g - a potion of haste {unknown}
 m - 3 potions of curing {unknown}
Comestibles
 n - a ration
 s - 2 chunks of flesh


   Skills:
 + Level 1.4 Fighting
 + Level 2.6 Dodging
 - Level 2.6 Stealth
 - Level 2.0 Spellcasting
 + Level 2.0 Conjurations
 + Level 1.1 Air Magic
 + Level 4.3 Poison Magic


You had one spell level left.
You knew the following spells:

 Your Spells              Type           Power        Failure   Level  Hunger
a - Sting                 Conj/Pois      ##..         4%          1    #......
b - Poisonous Vapours     Pois/Air       ##....       9%          2    ###....
c - Mephitic Cloud        Conj/Pois/Air  ##......     21%         3    ###....

Your spell library contained the following spells:

 Spells                   Type           Power        Failure   Level  Hunger
 Olgreb's Toxic Radiance  Pois           ###.....     30%         4    #####..
 Venom Bolt               Conj/Pois      ##........   80%         5    ######.


Dungeon Overview and Level Annotations

Branches:
Dungeon (3/15)

Altars:
Fedhas
Makhleb
Zin

Annotations:
D:2 exclusion: oklob plant


Innate Abilities, Weirdness & Mutations

You cannot wear most types of armour.
You are very stealthy in the water. (Stealth+)
You are amphibious.
You can wear up to eight rings at the same time.
You can use your tentacles to constrict eight enemies at once.
Your skin changes colour to match your surroundings (Stealth+).
Your rubbery body absorbs attacks. (AC +1, EV +1)


Message History

You butcher the bat corpse.
Things that are here:
a chunk of flesh; a bat skeleton
Things that are here:
a chunk of flesh; a rat skeleton A kobold comes into view.
It is wielding a +0 short sword.
The helpless jelly fails to defend itself.
You hit the jelly. The acid corrodes you!
Your tentacles burn!
The jelly is lightly wounded.
The jelly closely misses you.
You sock the jelly!
Your tentacles burn!
You squeeze the jelly, but do no damage.
The jelly is heavily wounded.
The jelly hits you.
You are splashed with acid!
The acid burns!
You hit the jelly.
Your tentacles burn!
The jelly is severely wounded.
The jelly hits you.
* * * LOW HITPOINT WARNING * * *
You are splashed with acid!
The acid burns!
You die...

#..8...>..
#######.........
#..........8...8
#.............K.
#....%.....)....
#.....%.......#
#.#####.......#
#.# #....[..#
####.##
#.@.....#
#.....#
#.J.....#
#.....#
#.......#
#.....#
#.......#
#.....#
#.......#
#.....#
#########
#.....# .
#.#.....#
...#(#.....#


You could see a jelly and a kobold (sleeping).

Vanquished Creatures
  A gnoll (D:1)
  An adder (D:2)
  An ooze (D:1)
  3 worms
  A dart slug (D:1)
  4 giant cockroaches
  5 hobgoblins
  2 jackals (D:1)
  3 kobolds
  A ball python (D:2)
  6 bats
  4 frilled lizards
  3 goblins (D:1)
  9 rats
  A bush (D:1)
  2 plants (D:1)
47 creatures vanquished.

Notes
Turn   | Place    | Note
-------+----------+-------------------------------------------
     0 | D:1      | zishaf the Octopode Venom Mage began the quest for the Orb.
     0 | D:1      | Reached XP level 1. HP: 11/11 MP: 3/3
   159 | D:1      | Reached XP level 2. HP: 15/18 MP: 3/5
   457 | D:1      | Learned a level 2 spell: Poisonous Vapours
   627 | D:1      | Reached skill level 4 in Poison Magic
   673 | D:1      | Reached skill level 1 in Fighting
   831 | D:1      | Reached XP level 3. HP: 23/23 MP: 1/6
  1430 | D:2      | Found a burning altar of Makhleb.
  1677 | D:2      | Reached skill level 1 in Air Magic
  1677 | D:2      | Reached XP level 4. HP: 28/28 MP: 0/7
  1795 | D:2      | Found a glowing silver altar of Zin.
  2089 | D:2      | Found a blossoming altar of Fedhas.
  2101 | D:2      | Noticed an oklob plant
  2603 | D:3      | Learned a level 3 spell: Mephitic Cloud
  2615 | D:3      | Splashed by a jelly's acid

Vault maps used:
D:1:      minmay_arrival_shattered_statue, serial_forest,
          infiniplex_forest_end_2, infiniplex_forest_end_2,
          infiniplex_forest_pool, infiniplex_forest_lined_2
D:2:      lemuel_crystal_altar, lemuel_doored_altar,
          hangedman_abyss_or_decor_stabs, kennysheep_flooded_box, tgw_fedhas
D:3:      elyvilon_altar_4, grunt_ministairs_2, grunt_decor_cap,
          minmay_misc_feat_more_columns, uniq_terence

Skill      XL: |  1  2  3  4 |
---------------+-------------+-----
Poison Magic   | 4 |  4.3
Fighting       | 1 |  1.4
Air Magic      | 1 |  1.1
Conjurations   | 2 |  2.0
Dodging        | |  2.6
Stealth        | |  2.6
Spellcasting   | |  2.0

Action                   |  1- 3 |  4- 6 || total
-------------------------+-------+-------++-------
Melee: Unarmed           |    22 |       ||    22
       Constrict         |     8 |     2 ||    10
       Tentacles         |    52 |     2 ||    54
       Short sword       |   232 |     2 ||   234
       Quarterstaff      |       |    13 ||    13
 Cast: Sting             |    27 |       ||    27
       Poisonous Vapours |    18 |    13 ||    31
 Stab: Sleeping          |       |     2 ||     2
  Eat: Chunk             |     1 |     4 ||     5
       Ration            |     1 |       ||     1
Armor: Skin              |     3 |     3 ||     6
Dodge: Dodged            |    26 |     4 ||    30

Table legend:
 A = Non-vault XP
 B = Vault XP
 C = Vault XP percentage of total XP
 D = Non-vault monster count
 E = Vault monster count
 F = Vault count percentage of total count
                 A         B        C        D         E       F
            +---------+---------+-------+---------+---------+-------
      Total |     106 |       2 |   1.9 |      43 |       1 |   2.3
            +---------+---------+-------+---------+---------+-------
        D:1 |      51 |       0 |   0.0 |      19 |       0 |   0.0
        D:2 |      42 |       0 |   0.0 |      19 |       0 |   0.0
        D:3 |      13 |       2 |  13.3 |       5 |       1 |  16.7
            +---------+---------+-------+---------+---------+-------
